 Dungeon Crawl Stone Soup version 0.30-a0-137-gd8773701ce (webtiles) character file.

Game seed: 2792160275027514159

21 Lolow the Vexing (level 3, -3/26 HPs)
             Began as a Formicid Hexslinger on Sept 23, 2022.
             Killed by an exploding endoplasm (29 damage)
             ... ignited by their inner flame
             ... on level 2 of the Dungeon on Sept 24, 2022.
             The game lasted 00:13:57 (2020 turns).

Lolow the Vexing (Formicid Hexslinger)              Turns: 2020, Time: 00:14:09

Health: -3/26      AC:  0    Str: 14    XL:     3   Next: 2%
Magic:  1/4        EV: 12    Int: 14    God:
Gold:   29         SH:  0    Dex: 14    Spells: 0/4 levels left

rFire   . . .      SeeInvis +    a - +0 mace
rCold   . . .      Faith    .    (no shield)
rNeg    . . .      Spirit   .    (no body armour)
rPois   .          Reflect  .    (helmet unavailable)
rElec   .          Harm     .    (no cloak)
rCorr   .          Rampage  .    (no gloves)
Will    .....                    (no boots)
Stlth   +.........               (no amulet)
HPRegen 0.08/turn                (no ring)
MPRegen 0.09/turn                (no ring)

@: no status effects
A: permanent stasis, dig shafts and tunnels, antennae 3, four strong arms
a: Dig, Shaft Self


You were on level 2 of the Dungeon.
You visited 1 branch of the dungeon, and saw 2 of its levels.

You collected 29 gold pieces.

Inventory:

Hand Weapons
 a - a +0 mace (weapon)
 b - a +1 sling
 k - a +0 dagger
 m - a +0 short sword
Missiles
 h - 17 stones
Armour
 c - a +0 robe
 d - a +0 robe
 f - a +0 ring mail
 i - a +0 robe
Magical Staves
 n - a staff of earth
Scrolls
 g - 2 scrolls of poison
 o - a scroll of amnesia {unknown}
Potions
 e - a potion of attraction
 j - a potion of berserk rage {unknown}
 l - a potion of curing {unknown}


   Skills:
 + Level 1.4 Fighting
 + Level 0.2 Short Blades
 + Level 2.4 Ranged Weapons
 + Level 2.1 Dodging
 + Level 1.1 Spellcasting
 + Level 4.0 Hexes


You couldn't memorise any spells.
You knew the following spells:

 Your Spells              Type           Power      Damage    Failure   Level
a - Slow                  Hex            48%        N/A       4%          1
b - Inner Flame           Hex/Fire       6%         N/A       34%         3

Your spell library contained the following spells:

 Spells                   Type           Power      Damage    Failure   Level
 Portal Projectile        Hex/Tloc       12%        N/A       34%         3
 Cause Fear               Hex            6%         N/A       45%         4


Dungeon Overview and Level Annotations

Branches:
Dungeon (2/15)

Altars:


Innate Abilities, Weirdness & Mutations

You cannot be hasted, slowed, berserked, paralysed or teleported.
You can dig through walls and to a lower floor.
You have a pair of large antennae on your head. (SInv)
Your four strong arms can wield two-handed weapons with a shield.


Message History

You kill the endoplasm!
You have reached level 3!
Your experience leads to an increase in your attributes!
Increase (S)trength, (I)ntelligence, or (D)exterity?
You feel clever. x2
You start resting.
Magic restored.
You start resting.
HP restored.
Things that are here:
a +0 whip; a kobold corpse
Things that are here:
a +0 dagger; a goblin corpse Unknown command.
This spell is extremely dangerous to cast!
Memorise Inner Flame, consuming 3 spell levels and leaving 0?
You start memorising the spell.
You continue memorising. x3
You finish memorising.
Spell assigned to 'b'.
Things that are here:
a +0 dagger; a goblin corpse You sense a monster nearby.
o - a scroll labelled FYASTR DODYQE An endoplasm comes into view.
Casting: Slow (safe; 4% risk of failure)
Confirm with . or Enter, or press ? or * to list all spells.
The spell is extremely dangerous to miscast (34% risk of failure)!
Continue anyway?
Aiming: Inner Flame (extremely dangerous; 34% risk of failure)
Press: ? - help, Dir - move target, f - endoplasm
Aim: an endoplasm (asleep, chance to affect: 68%)
The endoplasm quivers.
The endoplasm is filled with an inner flame.
You hit the endoplasm but do no damage. The endoplasm barely misses you.
The endoplasm closely misses you.
You hit the endoplasm.
Flame seeps out of the endoplasm.
The endoplasm is heavily wounded.
The endoplasm is engulfed in blazing flames.
The endoplasm explodes!
The fiery explosion engulfs you!!
Ouch! That really hurt!
You die...

#...........#
##..#..######
.... #....# {
.## #.##...#
#.# ##..# #.#
..# ##.# ..
##.§####....
#..@○§..... {
#######....
..


There were no monsters in sight!

Vanquished Creatures
  5 endoplasms
  3 goblins
  A hobgoblin (D:1)
  2 jackals (D:1)
  2 quokkas (D:1)
  A bat (D:1)
  A frilled lizard (D:1)
  2 kobolds
  2 rats (D:1)
19 creatures vanquished.

Notes
Turn   | Place    | Note
-------+----------+-------------------------------------------
     0 | D:1      | Lolow the Formicid Hexslinger began the quest for the Orb.
     0 | D:1      | Reached XP level 1. HP: 15/15 MP: 2/2
   529 | D:1      | Reached XP level 2. HP: 21/21 MP: 3/3
  1797 | D:2      | Reached skill level 4 in Hexes
  1802 | D:2      | Reached XP level 3. HP: 10/26 MP: 2/4
  2002 | D:2      | Learned a level 3 spell: Inner Flame
  2020 | D:2      | Killed by an exploding endoplasm... ignited by their inner
                  | flame

Illustrated notes

Levels and vault maps discovered:
D:1:      ncdulo_watergridlock, layout_basic
D:2:      layout_rooms, hellmonk_ecumenical_altar_prayer_group, serial_shops,
          shop, grunt_decor_clamped, uniq_crazy_yiuf_cottage, uniq_natasha

Skill      XL: |  1  2 |
---------------+-------+-----
Dodging        | 2 |  2.1
Hexes          | 4 |  4.0
Fighting       | |  1.4
Short Blades   | |  0.2
Ranged Weapons | |  2.4
Spellcasting   | |  1.1

Action                   || total
-------------------------++-------
Melee: Short sword       ||    13
       Mace              ||    32
 Fire: Sling             ||    28
 Cast: Slow              ||     5
       Inner Flame       ||     1
  Use: Scroll            ||     1
Armor: Ring mail         ||     2
       Robe              ||     1
Dodge: Dodged            ||    39

Table legend: (Time is in decaauts)
 A = Elapsed time spent in this place.
 B = Non-inter-level travel time spent in this place.
 C = Inter-level travel time spent in this place.
 D = Time resting spent in this place.
 E = Time spent auto-exploring this place.
 F = Levels seen in this place.
 G = Mean time per level.
                   A        B        C        D        E       F      G
               +--------+--------+--------+--------+--------+-----+--------+
         Total |   2031 |   2031 |      0 |    535 |   1161 |   2 | 1015.5 |
       Dungeon |   2031 |   2031 |      0 |    535 |   1161 |   2 | 1015.5 |
               +--------+--------+--------+--------+--------+-----+--------+

Top non-repeatable levels by time:
     D:1: 1793 daAuts
     D:2: 238 daAuts
